 Dungeon Crawl Stone Soup version 0.15.2 (webtiles) character file.

119 tognito the Skirmisher (level 4, -2/41 HPs)
             Began as a Minotaur Berserker on May 30, 2015.
             Was a Believer of Trog.
             Slain by an ogre
             ... wielding a +0 giant spiked club
              (15 damage)
             ... on Level 4 of the Dungeon on May 31, 2015.
             The game lasted 00:23:37 (2068 turns).

tognito the Skirmisher (Minotaur Berserker)         Turns: 2068, Time: 00:23:38

HP  -2/41        AC 11     Str 22      XL: 4   Next: 74%
MP   2/2         EV  7     Int  4      God: Trog [**....]
Gold 143         SH  0     Dex 12      Spells:  0 memorised,  3 levels left

rFire  . . .     SeeInvis +     a - +0 hand axe
rCold  . . .     Clarity  .     g - +0 chain mail
rNeg   . . .     rCorr    .     (no shield)
rPois  .         rRot     .     (helmet restricted)
rElec  .         Spirit   .     u - +1 cloak
SustAb .         Warding  .     (no gloves)
rMut   .         Stasis   .     (no boots)
Gourm  .                        (no amulet)
MR     .....                    o - ring of see invisible
                                d - +2 ring of dexterity

@: not resistant to hostile enchantments, extremely unstealthy
A: retaliatory headbutt, horns 2
a: Burn Spellbooks, Berserk, Trog's Hand, Renounce Religion


You were on level 4 of the Dungeon.
You worshipped Trog.
Trog was pleased with you.
You were hungry.

You visited 1 branch of the dungeon, and saw 4 of its levels.

You collected 143 gold pieces.

Inventory:

Hand weapons
 a - a +0 hand axe (weapon)
 b - a +0 hunting sling
 x - a cursed -3 hunting sling
Missiles
 e - 36 arrows
 f - 43 bolts
 n - 54 stones (quivered)
Armour
 g - a +0 chain mail (worn)
 m - a +0 animal skin
 u - a +1 cloak (worn)
Comestibles
 c - 2 bread rations
 v - a rotting chunk of goblin flesh
Scrolls
 h - 2 scrolls of noise {unknown}
 i - 2 scrolls of fog {unknown}
 j - 2 scrolls of recharging {unknown}
 l - a scroll of teleportation {unknown}
 p - 2 scrolls of immolation {unknown}
 r - 2 scrolls of identify {unknown}
 s - a scroll of random uselessness {unknown}
 t - 2 scrolls of blinking {unknown}
 w - a scroll of enchant armour {unknown}
Jewellery
 d - a +2 ring of dexterity (left hand)
 o - a ring of see invisible (right hand)
 q - an uncursed ring of ice {unknown}
Potions
 k - 4 potions of curing


   Skills:
 * Level 4.9 Fighting
 + Level 4.2 Axes
 + Level 2.3 Slings
 + Level 2.8 Armour
 + Level 2.9 Dodging


You had 3 spell levels left.
You didn't know any spells.

Dungeon Overview and Level Annotations

Branches:
Dungeon (4/15)
 Temple: D:4-7

Altars:


Innate Abilities, Weirdness & Mutations

You reflexively headbutt those who attack you in melee.
You have a pair of horns on your head.


Message History

a - a +0 hand axe (weapon)
You hit the ogre.
The ogre is lightly wounded.
The ogre barely misses you.
You hit the ogre.
The ogre is lightly wounded.
The ogre hits you with a giant spiked club!
Your chain mail prevents you from hitting the ogre.
You headbutt the ogre!
The ogre is heavily wounded.
You hit the ogre.
The ogre is severely wounded.
The ogre hits you with a giant spiked club!
You barely miss the ogre. Your headbutt misses the ogre.
The ogre is heavily wounded.
The ogre hits you with a giant spiked club.
You hit the ogre. You headbutt the ogre.
The ogre is severely wounded.
The ogre hits you with a giant spiked club!
You die...

#(# #### #(#( #..#
#... ##..### #..#
#...... #.. ##...###
###.. #....# ##.
.ll# #####.####
##....##O#####.....#
........@......#####
#.....$#.#######
#.... #.# .### #.#
..# ###


You could see an ogre, an iguana and a giant newt.

Vanquished Creatures
  3 adders
  6 worms
  A giant gecko (D:2)
  2 oozes
  2 ball pythons
  7 bats
  3 giant cockroaches
  6 goblins
  5 hobgoblins
  6 kobolds
  2 quokkas
  4 giant newts
  8 rats
55 creatures vanquished.

Notes
Turn   | Place    | Note
--------------------------------------------------------------
     0 | D:1      | tognito, the Minotaur Berserker, began the quest for the Orb.
     0 | D:1      | Reached XP level 1. HP: 19/19 MP: 1/1
   168 | D:1      | Reached skill level 4 in Fighting
   174 | D:1      | Reached XP level 2. HP: 27/27 MP: 1/1
   517 | D:2      | Acquired Trog's second power
   738 | D:2      | Reached XP level 3. HP: 34/34 MP: 2/2
  1011 | D:2      | Reached skill level 1 in Slings
  1084 | D:2      | Reached XP level 4. HP: 28/41 MP: 2/2
  2059 | D:4      | Noticed an ogre
  2068 | D:4      | Slain by an ogre

Action                   |  1- 3 |  4- 6 || total
-------------------------+-------+-------++-------
Melee: Hand axe          |    60 |    30 ||    90
 Fire: Hunting sling     |    60 |    43 ||   103
  Use: Potion            |     2 |     2 ||     4
  Eat: Chunk             |       |     3 ||     3
